 Dungeon Crawl Stone Soup version 0.27-a0-1324-ge0d8e047f6 (webtiles) character file.

Game seed: 14229938217881906716

1168 avis the Cleaver (level 8, -5/73 HPs)
             Began as a Hill Orc Monk on June 24, 2021.
             Was a Believer of Beogh.
             Shot with a sling bullet by Joseph (22 damage)
             ... on level 7 of the Dungeon.
             The game lasted 00:28:53 (7939 turns).

avis the Cleaver (Hill Orc Monk)                    Turns: 7939, Time: 00:28:53

Health: -5/73      AC: 11    Str: 23    XL:     8   Next: 40%
Magic:  10/10      EV:  8    Int: 10    God:    Beogh [**....]
Gold:   31         SH:  0    Dex: 10    Spells: 7/7 levels left

rFire    . . .     SeeInvis .   a - +0 war axe
rCold    . . .     Faith    .   (no shield)
rNeg     . . .     Spirit   .   D - +1 chain mail of the Raven {Rampage Str+7 Dex-3}
rPois    .         Reflect  .   u - +1 helmet
rElec    .         Harm     .   (no cloak)
rCorr    .         Rampage  +   (no gloves)
Will     .....                  (no boots)
Stlth    ..........             (no amulet)
HPRegen  0.22/turn              (no ring)
MPRegen  0.12/turn              (no ring)

@: confused
A: no striking features
a: Renounce Religion, Smiting


You were on level 7 of the Dungeon.
You worshipped Beogh.
Beogh was pleased with you.
You visited 2 branches of the dungeon, and saw 8 of its levels.

You collected 376 gold pieces.
You spent 345 gold pieces at shops.

Inventory:

Hand Weapons
 a - a +0 war axe (weapon)
 b - the +9 dagger "ETAOIN SHRDLU" {vamp, Str+3}
   (You found it on level 5 of the Dungeon)

   It inflicts no extra harm, but heals its wielder when it wounds a living foe.
   It affects your strength (+3).
 d - a +0 hand axe
 s - a +1 whip of venom
 w - a +2 mace of protection
 J - a +0 spear
 L - a +3 long sword
 M - a +3 flail
 N - a +3 flail
 O - a +0 trident
 Q - a +0 shortbow
 R - a +1 dagger of holy wrath
Missiles
 h - 11 poisoned darts (quivered)
 C - 52 stones
 H - 39 arrows
 K - 3 curare-tipped darts
 S - 5 javelins
Armour
 n - a +0 scale mail
 t - a +0 robe of the Archmagi
 u - a +1 helmet (worn)
 D - the +1 chain mail of the Raven (worn) {Rampage Str+7 Dex-3}
   (You bought it in a shop on level 3 of the Dungeon)

   It affects your strength (+7).
   It affects your dexterity (-3).
   It bestows one free step when moving towards enemies.
 G - a +4 chain mail
 P - +0 fire dragon scales
Jewellery
 B - a ring of magical power
Wands
 k - a wand of charming (5)
Scrolls
 c - 5 scrolls of noise
 g - 6 scrolls of identify
 i - 5 scrolls of amnesia {unknown}
 m - 3 scrolls of blinking {unknown}
 o - a scroll of silence {unknown}
 p - a scroll of summoning {unknown}
 q - 5 scrolls of teleportation
 r - a scroll of holy word {unknown}
 v - 2 scrolls of acquirement {unknown}
 x - a scroll of magic mapping {unknown}
 y - a scroll of enchant armour {unknown}
 A - 2 scrolls of fear {unknown}
 E - a scroll of torment {unknown}
Potions
 e - a potion of resistance
 f - a potion of ambrosia {unknown}
 j - a potion of brilliance {unknown}
 l - a potion of attraction {unknown}
 z - a potion of magic {unknown}
 F - a potion of flight {unknown}
 I - a potion of curing {unknown}


   Skills:
 + Level 7.3 Fighting
 * Level 10.5 Axes
 - Level 2.4 Dodging
 - Level 1.5 Stealth
 + Level 3.8 Invocations


You had 7 spell levels left.
You didn't know any spells.
Your spell library contained the following spells:

 Spells                   Type           Power      Damage    Failure   Level
 Sting                    Tmut/Pois      0%         1d3       98%         1
 Poisonous Vapours        Pois/Air       0%         N/A       99%         2
 Ignite Poison            Fire/Tmut/Pois 0%         N/A       100%        3
 Mephitic Cloud           Conj/Pois/Air  0%         N/A       100%        3
 Olgreb's Toxic Radiance  Pois           0%         N/A       100%        4


Dungeon Overview and Level Annotations

Branches:
Dungeon (7/15)             Temple (1/1) D:4

Altars:
Ashenzari
Hepliaklqana
Trog
Wu Jian

Shops:
D:1 [   D:2 (   D:3 [   D:7 ?

Portals:
Abyss: D:3

Annotations:
D:3 2 transporters, atabob's ghost, amateur DrCj
D:7 Joseph


Message History

Joseph is moderately wounded.
You barely miss the iguana. Joseph hits you but does no damage.
The iguana closely misses you.
You completely miss Joseph.
Joseph is moderately wounded.
You barely miss the iguana. Joseph hits you with a +0 quarterstaff.
The iguana bites you.
You closely miss Joseph.
Joseph is moderately wounded.
You hit the iguana.
Joseph zaps a wand.
You resist with some effort.
The iguana bites you but does no damage.
You hit Joseph but do no damage.
Joseph is moderately wounded.
You slash the iguana!
You kill the iguana!
Beogh accepts your kill.
Joseph says, "You will never get the ORB, sorry."
Joseph hits you with a +0 quarterstaff.
You closely miss Joseph.
Joseph is moderately wounded.
Joseph hits you but does no damage.
You slash Joseph!
Joseph is heavily wounded.
Joseph zaps a wand.
Your will is overpowered!
You are confused.
You're too confused to move!
Joseph hits you with a +0 quarterstaff.
Unknown command.
Joseph smiles happily.
Joseph zaps a wand.
Your will is overpowered!
You are more confused.
You see here an iguana corpse.
You slash Joseph!
Joseph is severely wounded.
Joseph closely misses you. Joseph hits you with a +0 quarterstaff!
Joseph unwields a +0 quarterstaff.
Joseph wields a +0 hunting sling.
Joseph shoots a sling bullet.
The sling bullet hits you.
* * * LOW HITPOINT WARNING * * *
Joseph shoots a sling bullet.
The sling bullet hits you!!
You die...

##8 #.####
..##..##....#
.......#....#
.......#....#
............###
..............###
..........@.....# #
..........†....##..
....
.(.....@..###......
+...# ..
...................
#... #..
.........##..#.....
#.. ...
.........#...#.....
..##.#
.##.............#..
.....#
.......<...##### .
...#####
...........##
.....#.##.##.......##
......... ##...#...


You could see Joseph.

Vanquished Creatures
  A sky beast (D:6)
  A black bear (D:5)
  A centaur (D:6)
  A bullfrog (D:6)
  A scorpion (D:3)
  A wyvern skeleton (D:6)
  4 wights
  2 jellies (D:5)
  A centaur zombie (D:6)
  2 hounds (D:5)
  2 orc priests
  A centaur skeleton (D:5)
  2 iguanas
  3 orc wizards
  2 killer bee zombies
  Robin (D:4)
  4 adders
  An ufetubus (D:4)
  2 adder skeletons (D:4)
  2 worms
  A dart slug (D:1)
  9 orcs
  An endoplasm (D:4)
  4 giant cockroaches
  15 goblins
  13 hobgoblins
  8 jackals
  3 quokkas
  7 ball pythons
  3 bats
  8 frilled lizards
  6 kobolds
  2 rats
115 creatures vanquished.

Vanquished Creatures (others)
  An orc priest (D:5)
  An adder (D:5)
  An orc (D:5)
3 creatures vanquished.

Grand Total: 118 creatures vanquished

Notes
Turn   | Place    | Note
-------+----------+-------------------------------------------
     0 | D:1      | avis the Hill Orc Monk began the quest for the Orb.
     0 | D:1      | Reached XP level 1. HP: 19/19 MP: 1/1
   159 | D:1      | Reached XP level 2. HP: 27/27 MP: 2/2
   488 | D:1      | Found Ixituarch's Antique Armour Boutique.
   607 | D:1      | Reached skill level 5 in Axes
   716 | D:1      | Reached XP level 3. HP: 33/33 MP: 3/3
   849 | D:1      | Found a faded altar of an unknown god.
   861 | D:1      | Found a faded altar of an unknown god.
  1311 | D:2      | Found a bloodstained altar of Trog.
  1440 | D:2      | Found Helixkyq's Antique Weapon Shop.
  1445 | D:2      | Reached XP level 4. HP: 41/41 MP: 4/4
  1823 | D:3      | Found Ruluopyhifo's Armour Emporium.
  1957 | D:3      | Found a transporter.
  1973 | D:3      | Found a transporter.
  1980 | D:3      | Noticed atabob's ghost (amateur DrCj)
  1994 | D:3      | Found a one-way gate to the infinite horrors of the Abyss.
  2610 | D:3      | Noticed a scorpion
  2626 | D:3      | Killed a scorpion
  2627 | D:3      | Reached skill level 6 in Axes
  2627 | D:3      | Reached XP level 5. HP: 15/47 MP: 5/5
  3027 | D:4      | Noticed Robin
  3421 | D:4      | Killed Robin
  3422 | D:4      | Reached skill level 5 in Fighting
  3513 | D:4      | Reached skill level 7 in Axes
  3600 | D:4      | Found a staircase to the Ecumenical Temple.
  3610 | Temple   | Entered the Ecumenical Temple
  4085 | D:4      | Found an ornate altar of the Wu Jian Council.
  4254 | D:4      | Reached XP level 6. HP: 56/56 MP: 6/6
  4361 | D:5      | Entered Level 5 of the Dungeon
  4590 | D:5      | Became a worshipper of Beogh the Brigand
  4590 | D:5      | Reached * piety under Beogh
  4590 | D:5      | Reached ** piety under Beogh
  4608 | D:5      | Identified the +9 dagger "ETAOIN SHRDLU" {vamp, Str+3}
  4864 | D:5      | You fall into a shaft and drop 1 floor!
  5194 | D:5      | Reached skill level 8 in Axes
  5710 | D:5      | Noticed a black bear
  5720 | D:5      | Killed a black bear
  5721 | D:5      | Reached XP level 7. HP: 50/63 MP: 7/7
  6149 | D:3      | Bought the +1 chain mail of the Raven {Rampage Str+7 Dex-3}
                  | for 249 gold pieces
  6298 | D:6      | Reached skill level 9 in Axes
  6476 | D:6      | Reached skill level 1 in Invocations
  7262 | D:6      | Reached XP level 8. HP: 65/71 MP: 8/10
  7328 | D:6      | Reached skill level 10 in Axes
  7772 | D:7      | Found Ytuochib's Magic Scroll Boutique.
  7791 | D:7      | Bought a scroll of noise for 16 gold pieces
  7791 | D:7      | Bought a scroll of identify for 32 gold pieces
  7791 | D:7      | Bought a scroll of teleportation for 48 gold pieces
  7912 | D:7      | Noticed Joseph
  7939 | D:7      | Shot with a sling bullet by Joseph

Illustrated notes

Levels and vault maps discovered:
D:1:      lightli_arrival_boilingwater, layout_loops_cross, serial_shops,
          nicolae_shop_overgrown_old_shop,
          hellmonk_ecumenical_altar_the_god_not_taken
D:2:      wad_pebble_path, layout_rooms, serial_shops,
          nicolae_shop_overgrown_old_shop, basic_altar
D:3:      layout_loops_ring, serial_shops, shop, gammafunk_ghost_abyssal_escape
D:4:      layout_cave_pools, lemuel_coloured_pillars_altar,
          minmay_temple_entry_tees, uniq_robin
D:5:      layout_loops_corners
D:6:      layout_cave_pools
D:7:      layout_cave_pools, serial_shops, nicolae_shop_crystal,
          nicolae_shop_statue_plus, chequers_arboretum, supply_closet_lemuel,
          lemuel_flamethrower_2, uniq_joseph
Temple:   regret_index_temple_mists

Skill      XL: |  1  2  3  4  5  6  7  8 |
---------------+-------------------------+-----
Fighting       | 4 5 6 7 |  7.3
Axes           | 5 6 7 8 9 10 | 10.5
Invocations    | 2 3 |  3.8
Dodging        | |  2.4
Stealth        | |  1.5

Action                   |  1- 3 |  4- 6 |  7- 9 || total
-------------------------+-------+-------+-------++-------
Melee: Hand axe          |   149 |   191 |       ||   340
       War axe           |       |    67 |    86 ||   153
       Mace              |       |       |    28 ||    28
Throw: Dart              |       |    10 |       ||    10
Invok: Convert to Beogh  |       |     1 |       ||     1
Armor: Ring mail         |    52 |       |       ||    52
       Scale mail        |       |   166 |       ||   166
       Chain mail        |       |       |    76 ||    76
Dodge: Dodged            |    93 |   202 |    60 ||   355

Table legend: (Time is in decaauts)
 A = Elapsed time spent in this place.
 B = Non-inter-level travel time spent in this place.
 C = Inter-level travel time spent in this place.
 D = Time resting spent in this place.
 E = Time spent auto-exploring this place.
 F = Levels seen in this place.
 G = Mean time per level.
                   A        B        C        D        E       F      G
               +--------+--------+--------+--------+--------+-----+--------+
         Total |   7990 |   7345 |    645 |   2557 |   3000 |   8 |  998.8 |
       Dungeon |   7981 |   7336 |    645 |   2557 |   3000 |   7 | 1140.1 |
        Temple |      8 |      8 |      0 |      0 |      0 |   1 |    8.0 |
               +--------+--------+--------+--------+--------+-----+--------+

Top non-repeatable levels by time:
     D:5: 2341 daAuts
     D:3: 1589 daAuts
     D:1: 1135 daAuts
     D:6: 1021 daAuts
     D:4: 997 daAuts
     D:2: 778 daAuts
     D:7: 117 daAuts
  Temple: 8 daAuts
